 Dungeon Crawl Stone Soup version 0.31.0-9-g3a7656b989 (webtiles) character file.

Game seed: 1284538132993140769

84 qw the Shooter (level 4, -1/25 HPs)
             Began as a Deep Elf Hunter on Feb 2, 2024.
             Slain by Natasha (3 damage)
             ... on level 2 of the Dungeon.
             The game lasted 00:00:07 (1839 turns).

qw the Shooter (Deep Elf Hunter)                    Turns: 1839, Time: 00:00:07

Health: -1/25      AC:  4    Str: 10    XL:     4   Next: 23%
Magic:  6/6        EV: 12    Int: 14    God:
Gold:   129        SH:  0    Dex: 18    Spells: 3/3 levels left

rFire   . . .        a - +0 shortbow
rCold   . . .        (shield currently unavailable)
rNeg    . . .        c - +0 leather armour
rPois   .            (no helmet)
rElec   .            (no cloak)
rCorr   .            e - +0 pair of gloves
SInv    .            (no boots)
Will    .....        (no amulet)
Stlth   ++           (no ring)
HPRegen 0.24/turn    (no ring)
MPRegen 0.10/turn

%: no passive effects
@: no status effects
A: no striking features
a: no special abilities


You were on level 2 of the Dungeon.
You visited 1 branch of the dungeon, and saw 2 of its levels.

You collected 129 gold pieces.


   Skills:
 - Level 1.5 Fighting
 + Level 7.6 Ranged Weapons
 - Level 2.4 Dodging
 - Level 1.2 Stealth


You had 3 spell levels left.
You didn't know any spells.
Your spell library was empty.

Inventory:

Hand Weapons
 a - a +0 shortbow (weapon)
Armour
 b - a +2 robe of willpower
 c - a +0 leather armour (worn)
 e - a +0 pair of gloves (worn)
Jewellery
 l - a +6 ring of strength
Scrolls
 g - a scroll of enchant weapon {unknown}
 n - a scroll of fog {unknown}
Potions
 d - 2 potions of enlightenment
 h - a potion of lignification {unknown}
 i - 2 potions of might {unknown}
 j - a potion of degeneration {unknown}
 k - a potion of curing {unknown}
 m - a potion of cancellation {unknown}

Dungeon Overview and Level Annotations

Branches:
Dungeon (2/15)

Altars:
Fedhas

Annotations:
D:2 Natasha


Message History

The cerulean imp hits you but does no damage.
Enter note:
Enter note:
Enter note:
Enter note:
1832 ||| RETREEEEATING.
The cerulean imp hits you from afar with a +2 spear!
Natasha mumbles some strange words.
Natasha glows brightly for a moment.
Natasha misses you.
You shoot an arrow. The arrow closely misses Natasha.
The cerulean imp hits you from afar with a +2 spear.
Natasha misses you.
You shoot an arrow. The arrow closely misses Natasha.
The cerulean imp hits you from afar with a +2 spear.
Natasha claws you but does no damage.
You shoot an arrow. The arrow closely misses Natasha.
The cerulean imp misses you. Natasha claws you.
1836 ||| DRINKING potion of heal wounds.
You feel much better.
The cerulean imp hits you from afar with a +2 spear.
Natasha stares at you and mumbles some strange words.
The magic dart hits you!
You shoot an arrow. The arrow closely misses Natasha.
The cerulean imp hits you from afar with a +2 spear.
Natasha growls.
Natasha casts a spell at you. The magic dart hits you.
You shoot an arrow.
The arrow hits Natasha but does no damage.
Natasha is severely wounded.
The cerulean imp hits you from afar with a +2 spear.
Natasha stares at you and mumbles some strange words.
You resist with some effort.
You shoot an arrow. The arrow hits Natasha.
Natasha is almost dead.
The cerulean imp disappears in a puff of smoke!
Natasha claws you.
You die...
Natasha curls up and begins to purr.

##### #.#
#.##......PP.#
#.#
#.##..P.....P#
#..#.........#
#...#.......#.#
#.###.......###
#.###..P..PP#
#.5..##...##.#
#h#####...# ##
#@# #.###.# #.#
## ## #.# #.#
..# ###


You could see Natasha and a cerulean imp (summoned).

Vanquished Creatures
  Jessica (D:2)
  An adder (D:2)
  2 dart slugs (D:1)
  A ribbon worm (D:2)
  2 ball pythons
  3 bats
  2 endoplasms (D:1)
  3 giant cockroaches (D:2)
  4 goblins
  5 hobgoblins
  A jackal (D:2)
  2 kobolds (D:2)
  3 quokkas
  2 frilled lizards
  7 rats
39 creatures vanquished.

Notes
Turn   | Place    | Note
-------+----------+-------------------------------------------
     0 | D:1      | qw the Deep Elf Hunter began the quest for the Orb.
     0 | D:1      | Reached XP level 1. HP: 12/12 MP: 3/3
     0 | D:1      | 0 ||| qw: Version: 0.3-a-155-g5e7d8dd
     0 | D:1      | 0 ||| qw: Game counter: 496
     0 | D:1      | 0 ||| qw: Melee chars always use a shield: true
     0 | D:1      | 0 ||| qw: God list: Okawaru
     0 | D:1      | 0 ||| qw: Allow faded altars: false
     0 | D:1      | 0 ||| qw: Do Orc after clearing Dungeon:15 true
     0 | D:1      | 0 ||| qw: Do second Lair branch before Depths: true
     0 | D:1      | 0 ||| qw: Lair rune preference: random
     0 | D:1      | 0 ||| qw: Goals: Normal
     0 | D:1      | 0 ||| PLANNING D:1-11
   278 | D:1      | Reached skill level 6 in Ranged Weapons
   278 | D:1      | Reached XP level 2. HP: 16/16 MP: 4/4
   868 | D:1      | 868 ||| UPGRADING to +0 pair of gloves.
   873 | D:1      | 873 ||| READING scroll labelled UTHAL ZELOHEOD.
   877 | D:1      | 877 ||| READING scroll labelled CIKLUN CYBU.
   877 | D:1      | 877 ||| IDENTIFYING cyan potion
   878 | D:1      | 878 ||| READING scroll labelled ALIORU QUFROM.
   879 | D:1      | 879 ||| DRINKING 2 sapphire potions.
   880 | D:1      | 880 ||| DROPPING scroll of butterflies.
   941 | D:2      | Found a blossoming altar of Fedhas.
   989 | D:2      | Noticed Jessica
   997 | D:2      | Killed Jessica
   998 | D:2      | Reached skill level 7 in Ranged Weapons
   998 | D:2      | Reached XP level 3. HP: 14/20 MP: 5/5
  1283 | D:2      | Reached XP level 4. HP: 24/25 MP: 6/6
  1577 | D:2      | Found a faded altar of an unknown god.
  1824 | D:2      | Noticed Natasha
  1831 | D:2      | 1831 ||| RETREEEEATING.
  1832 | D:2      | 1832 ||| RETREEEEATING.
  1835 | D:2      | HP: 4/25 [Natasha (6)]
  1836 | D:2      | 1836 ||| DRINKING potion of heal wounds.
  1839 | D:2      | Slain by Natasha

Levels and vault maps discovered:
D:1:      matt_arrival_refuge, layout_basic
D:2:      layout_basic, shapermc_ecumenical_altar_gd, basic_altar,
          minmay_mini_jars, uniq_natasha, uniq_jessica

Skill      XL: |  1  2 |
---------------+-------+-----
Ranged Weapons | 6 7 |  7.6
Fighting       | |  1.5
Dodging        | |  2.4
Stealth        | |  1.2

Action                     |  1- 3 |  4- 6 || total
---------------------------+-------+-------++-------
   Fire: Shortbow          |    92 |    44 ||   136
    Use: Scroll            |     3 |       ||     3
         Potion            |     1 |     1 ||     2
 Armour: Leather armour    |    33 |    22 ||    55
  Dodge: Dodged            |    35 |    17 ||    52

Table legend:
 A = Non-vault XP
 B = Vault XP
 C = Vault XP percentage of total XP
 D = Non-vault monster count
 E = Vault monster count
 F = Vault count percentage of total count
                 A         B        C        D         E       F
            +---------+---------+-------+---------+---------+-------
      Total |      65 |      55 |  45.8 |      28 |      11 |  28.2
            +---------+---------+-------+---------+---------+-------
        D:1 |      33 |       0 |   0.0 |      16 |       0 |   0.0
        D:2 |      32 |      55 |  63.2 |      12 |      11 |  47.8
            +---------+---------+-------+---------+---------+-------
